 Dungeon Crawl Stone Soup version 0.27.1-4-g1640c2035a (webtiles) character file.

Game seed: 17569797879770855589

25 Iepvzaeh the Skirmisher (level 2, -1/40 HPs)
             Began as a Minotaur Berserker on Nov 4, 2021.
             Was a Follower of Trog.
             Succumbed to a goblin's poison
             ... on level 2 of the Dungeon.
             The game lasted 00:01:40 (1068 turns).

Iepvzaeh the Skirmisher (Minotaur Berserker)        Turns: 1068, Time: 00:01:41

Health: -1/40      AC: 25    Str: 18 (21) XL:     2   Next: 86%
Magic:  1/1        EV:  2    Int:  3 (4)  God:    Trog [*.....]
Gold:   60         SH:  0    Dex:  7 (9)  Spells: 1/1 levels left

rFire    . . .     SeeInvis .   a - +0 spear
rCold    . . .     Faith    .   (no shield)
rNeg     + + +     Spirit   .   (armour currently unavailable)
rPois    +         Reflect  .   (helmet currently unavailable)
rElec    .         Harm     .   (cloak currently unavailable)
rCorr    .         Rampage  .   (gloves currently unavailable)
Will     .....     NoTele   +   (boots currently unavailable)
Stlth    +.........             (no amulet)
HPRegen  0.13/turn              i - +4 ring of protection
MPRegen  0.07/turn              (no ring)

@: lethally poisoned (-1 -> -10), tree-form
A: stationary, stasis, torment immunity, boosted hp, (horns 2), (retaliatory
headbutt)
a: Renounce Religion, Berserk


You were on level 2 of the Dungeon.
You worshipped Trog.
Trog was aware of your devotion.
You were a tree.
You visited 1 branch of the dungeon, and saw 2 of its levels.

You collected 60 gold pieces.

Inventory:

Hand Weapons
 a - a +0 spear (weapon)
Armour
 b - a +0 animal skin (melded)
Jewellery
 i - a +4 ring of protection (left branch)
Scrolls
 d - a scroll of vulnerability {unknown}
 g - a scroll of identify
 h - a scroll of teleportation


   Skills:
 + Level 4.2 Fighting
 + Level 4.1 Polearms
 + Level 2.6 Armour
 + Level 2.4 Dodging


You had one spell level left.
You didn't know any spells.
Your spell library was empty.

Dungeon Overview and Level Annotations

Branches:
Dungeon (2/15)

Altars:


Innate Abilities, Weirdness & Mutations

You are a tree.
Your roots penetrate the ground, keeping you stationary.
You cannot be teleported.
You are immune to unholy pain and torment.
Your maximum health is greatly increased.
Your equipment is partially melded.
((You have a pair of horns on your head.))
((You reflexively headbutt those who attack you in melee.))


Message History

You barely miss the goblin. Your headbutt misses the goblin.
You barely miss the goblin. The goblin hits you but does no damage.
You are poisoned.
A dart slug comes into view.
You hit the goblin.
The goblin is heavily wounded.
You feel very sick.
The goblin hits you with a +1 dagger of venom.
You are more poisoned.
You barely miss the goblin.
The goblin is heavily wounded.
You feel very sick.
The goblin hits you with a +1 dagger of venom.
You are more poisoned.
You hit the goblin.
You kill the goblin!
Trog accepts your kill.
You feel very sick.
You are too injured to fight recklessly!
* * * LOW HITPOINT WARNING * * *
You feel very sick.
It was a potion of lignification.
You turn into a tree.
Your +0 animal skin melds into your body.
Your roots penetrate the ground.
* * * LOW HITPOINT WARNING * * *
You feel very sick.
It was a potion of degeneration.
There was something very wrong with that liquid.
You feel weakened.
You feel dopey.
You feel clumsy.
* * * LOW HITPOINT WARNING * * *
You feel very sick.
As you read the scroll labelled BAOB SEORPHUSUU, it crumbles to dust.
It is a scroll of identify.
h - a scroll of teleportation
* * * LOW HITPOINT WARNING * * *
You feel sick.
Unknown command.
As you read the scroll labelled JAOMAVV MESK, it crumbles to dust.
The scroll dissolves into smoke.
It was a scroll of fog.
You die...

#############
######...........#
.......#########'##
..................#
..................#
..................#
...............§§§#
.......#########§##
.......# #♣# .......#
#w# .......# #§#
.......# ... .......#
..... .......# .......
.......# .........
.......## ...........
..........#..........##


You could see a dart slug.

Vanquished Creatures
  A ball python (D:1)
  2 bats (D:1)
  4 endoplasms (D:1)
  4 goblins
  3 hobgoblins (D:1)
  2 quokkas (D:1)
  A frilled lizard (D:1)
  2 kobolds (D:1)
  2 rats (D:1)
21 creatures vanquished.

Notes
Turn   | Place    | Note
-------+----------+-------------------------------------------
     0 | D:1      | Iepvzaeh the Minotaur Berserker began the quest for the
                  | Orb.
     0 | D:1      | Reached XP level 1. HP: 19/19 MP: 0/0
   183 | D:1      | Reached XP level 2. HP: 27/27 MP: 1/1
   988 | D:2      | Found a faded altar of an unknown god.
  1067 | D:2      | HP: 1/40 [poisoned by a goblin]
  1068 | D:2      | Succumbed to a goblin's poison

Illustrated notes

Levels and vault maps discovered:
D:1:      lightli_arrival_lavapool, layout_basic,
          chequers_serial_rivers_micro_b, hangedman_feature_mirror,
          minmay_bisected
D:2:      layout_basic, ebering_ecumenical_altar_box

Skill      XL: |  1 |
---------------+----+-----
Polearms       | 4 |  4.1
Fighting       | 4 |  4.2
Armour         | |  2.6
Dodging        | |  2.4

Action                   || total
-------------------------++-------
Melee: Spear             ||    56
       Headbutt          ||     4
  Use: Scroll            ||     2
       Potion            ||     2
Armor: Animal skin       ||     3
Dodge: Dodged            ||    14
